Map: Blueshift LE

Players

FisterRoboto

  • Race: Zerg Zerg
  • League: Diamond
  • Spawn Location: 1:00

Apothenes - Winner!

  • Race: Terran Terran
  • League: Diamond
  • Spawn Location: 7:00

VOD

Have the link to the VOD?

Description

Time

  • Played on: Aug. 17, 2018, 11:25 p.m.
  • Length: 13:17
Show
View Real Time Build Order
Export as new Build Order

FisterRoboto Zerg 

Build Orders: Hatch First 

Get SALT Encoding   

  12  0:02  Drone  
  13  0:12  Overlord  
  13  0:22  Drone  
  14  0:31  Drone x2  
  16  0:48  Hatchery  
  15  0:51  Drone  
  16  1:00  Drone x2  
  18  1:14  Extractor, Spawning Pool  
  18  1:17  Drone  
  17  1:20  Drone  
  18  1:28  Drone  
  19  1:40  Drone  
  20  2:06  Zergling x4  
  20  2:08  Hatchery  
  21  2:10  Queen x2  
  25  2:17  Overlord  
  25  2:27  Overlord  
  25  2:31  Metabolic Boost  
  25  2:40  Drone x3  
  28  2:46  Drone  
  28  2:47  Drone  
  28  2:50  Drone  
  31  2:55  Pneumatized Carapace  
  31  3:01  Drone  
  31  3:03  Overlord  
  32  3:09  Drone x2  
  34  3:14  Drone  
  34  3:15  Drone  
  36  3:20  Drone  
  36  3:21  Drone x3  
  36  3:23  Drone  
  41  3:28  Drone x2  
  41  3:29  Drone  
  44  3:34  Overlord  
  44  3:39  Queen  
  46  3:46  Zergling x8  
  50  3:57  Queen x2  
  54  4:05  Overlord x2  
  54  4:06  Overlord  
  54  4:13  Extractor  
  54  4:15  Evolution Chamber x2  
  51  4:23  Queen  
  53  4:25  Drone x6  
  53  4:26  Drone  
  53  4:28  Drone  
  53  4:31  Drone x2  
  63  4:32  Drone  
  63  4:34  Drone  
  65  4:44  Queen  
  67  4:46  Zerg Ground Armor Level 1  
  67  4:47  Drone  
  67  4:48  Drone x2  
  70  4:54  Zerg Melee Weapons Level 1  
  70  4:58  Drone  
  70  4:59  Drone x3  
  74  5:07  Baneling Nest  
  73  5:11  Overlord x3  
  73  5:16  Extractor, Queen  
  75  5:24  Lair  
  75  5:39  Zergling x22  
  75  5:40  Zergling x6  
  75  5:41  Zergling x4  
  90  5:47  Queen  
  92  5:53  Zergling x6  
  92  5:55  Baneling x6  
  95  5:58  Queen  
  95  6:00  Zergling x2  
  95  6:01  Overlord x2  
  95  6:02  Overlord  
  98  6:04  Baneling x3  
  77  6:23  Zergling x18  
  74  6:28  Zergling x2  
  74  6:31  Zergling x8  
  75  6:34  Zergling x2  
  75  6:36  Zergling x6  
  75  6:38  Zergling x2  
  75  6:49  Zergling x6  
  75  6:53  Baneling  
  75  6:54  Baneling x2  
  71  6:56  Zergling x2  
  71  6:59  Zergling x4, Queen x3, Evolution Chamber x2  
  78  7:06  Zergling x6  
  75  7:08  Zergling x4  
  75  7:15  Zergling x2  
  75  7:17  Baneling x6  
  75  7:23  Drone  
  75  7:24  Extractor, Drone x2  
  75  7:26  Extractor  
  75  7:27  Extractor  
  75  7:31  Hatchery  
  75  7:33  Drone  
  75  7:34  Drone x2  
  77  7:39  Zerg Melee Weapons Level 2  
  77  7:43  Drone x3  
  79  7:46  Extractor, Queen x3  
  84  7:52  Drone x3  
  84  7:55  Overseer  
  84  7:56  Hatchery  
  86  8:03  Zergling x10  
  86  8:04  Centrifical Hooks  
  91  8:07  Baneling  
  91  8:08  Baneling x6  
  91  8:09  Zergling x6  
  91  8:12  Zergling x4  
  90  8:18  Zergling x8  
  75  8:35  Zergling x10  
  79  8:44  Zergling x6  
  74  8:49  Zergling x2  
  74  8:50  Zergling x4  
  73  8:56  Baneling x2  
  73  8:57  Zergling x4  
  73  8:58  Baneling x7  
  75  9:06  Queen x3  
  75  9:07  Zergling x14  
  80  9:12  Zergling x2  
  74  9:19  Zergling x6  
  74  9:23  Zergling x6  
  78  9:24  Queen  
  78  9:28  Baneling  
  78  9:29  Baneling x3  
  78  9:30  Zergling x6  
  81  9:35  Hydralisk Den, Zerg Ground Armor Level 2  
  81  9:37  Zergling x2  
  81  9:41  Queen  
  83  9:46  Zergling x6  
  83  9:47  Zergling x8  
  83  9:52  Drone x3  
  93  9:57  Drone  
  93  9:59  Drone  
  95  10:00  Baneling x6  
  95  10:01  Baneling x3  
  95  10:04  Grooved Spines  
  95  10:08  Drone  
  95  10:09  Drone  
  95  10:10  Infestation Pit  
  96  10:20  Zergling x16  
  101  10:35  Drone x11  
  111  10:50  Extractor x2  
  111  10:53  Drone x9  
  118  11:01  Hive  
  118  11:02  Hatchery  
  117  11:04  Hydralisk  
  117  11:05  Hydralisk x2  
  123  11:24  Drone x2  
  123  11:25  Overlord x3  
  125  11:26  Overlord x2  
  125  11:30  Extractor  
  125  11:31  Overlord x2  
  124  11:34  Extractor  
  123  11:41  Hydralisk  
  125  11:48  Hydralisk, Muscular Augments  
  125  11:49  Hydralisk x9  
  125  11:53  Baneling x6  
  145  12:07  Hydralisk x6  
  157  12:16  Ultralisk Cavern  
  157  12:17  Spire  
  155  12:34  Drone x7  
  162  12:45  Viper x4  
  162  12:47  Zergling x14  
  181  12:53  Baneling x8  
Show
View Real Time Build Order
Export as new Build Order

Apothenes Terran - Winner!

Build Orders: MMM Bio 

Get SALT Encoding   

  12  0:02  SCV  
  13  0:14  SCV  
  14  0:18  Supply Depot  
  14  0:26  SCV  
  15  0:39  SCV  
  15  0:41  Barracks  
  16  0:51  SCV  
  17  1:04  SCV  
  18  1:16  SCV  
  19  1:19  Command Center  
  19  1:29  Orbital Command  
  19  1:33  Marine  
  20  1:40  Refinery  
  20  1:47  Supply Depot  
  20  1:51  Marine  
  21  1:55  SCV  
  21  2:01  Refinery  
  22  2:07  SCV  
  23  2:09  Marine  
  24  2:19  SCV  
  25  2:27  Marine  
  26  2:31  SCV  
  26  2:32  Orbital Command  
  26  2:36  Bunker  
  26  2:43  SCV  
  27  2:47  Factory, Barracks Reactor  
  27  2:55  SCV  
  27  2:57  SCV  
  29  3:06  Supply Depot  
  29  3:07  SCV  
  29  3:09  SCV  
  31  3:14  Barracks  
  31  3:19  SCV  
  32  3:21  SCV  
  33  3:31  SCV, Barracks Tech Lab  
  33  3:33  SCV, Starport  
  35  3:38  Hellion x2  
  39  3:41  Supply Depot  
  39  3:44  SCV  
  40  3:51  Marauder  
  40  3:52  Stimpack  
  40  3:53  Supply Depot  
  42  4:06  Barracks Reactor  
  42  4:07  Hellion x2, SCV x2  
  48  4:10  Medivac  
  48  4:15  Supply Depot  
  50  4:19  Marauder  
  50  4:22  SCV x2  
  54  4:30  Hellion x2  
  58  4:37  Armory  
  58  4:38  SCV  
  58  4:39  SCV  
  58  4:42  Marine x2  
  58  4:45  Marauder  
  64  4:48  Medivac  
  66  4:53  Hellion x2  
  66  4:56  SCV  
  71  5:00  SCV  
  71  5:05  Supply Depot  
  72  5:07  Supply Depot  
  72  5:08  Marine x2  
  72  5:09  Marauder  
  72  5:12  SCV  
  77  5:26  Medivac  
  77  5:27  Marine x2, Hellion x2  
  85  5:31  Terran Vehicle And Ship Armor Level 1  
  85  5:33  Supply Depot  
  85  5:34  SCV  
  85  5:35  SCV  
  87  5:36  Supply Depot, Marauder  
  89  5:45  Refinery  
  89  5:46  SCV, Refinery  
  89  5:47  SCV  
  89  5:48  Marine x2  
  93  5:56  Hellion x2  
  97  6:02  SCV x2  
  101  6:04  Marauder, Medivac  
  101  6:07  Concussive Shells  
  101  6:12  Marine x2  
  101  6:14  SCV x2  
  93  6:25  Marine, Hellion x2  
  90  6:33  Marine x2  
  90  6:34  SCV x2  
  90  6:37  Medivac  
  91  6:47  Command Center  
  91  6:48  Hellion x2, Marauder  
  91  6:49  Combat Shields  
  93  6:55  Marine x2  
  93  6:56  SCV x2  
  80  7:12  Hellion x2, Marauder, Medivac  
  82  7:16  SCV x2  
  82  7:20  Engineering Bay  
  82  7:22  Engineering Bay  
  83  7:26  Marine x2  
  85  7:30  Terran Vehicle And Ship Armor Level 2  
  85  7:36  Command Center  
  85  7:40  Hellion, Marauder  
  85  7:42  Hellion  
  91  7:45  SCV x2  
  93  7:56  Marine x2  
  95  8:06  Hellion x2, Marauder  
  93  8:13  SCV, Medivac  
  93  8:14  SCV  
  93  8:17  Marine x2  
  97  8:20  Planetary Fortress  
  97  8:21  Terran Infantry Weapons Level 1, Terran Infantry Armor Level 1  
  97  8:25  SCV  
  92  8:28  Hellion x2, Marauder  
  95  8:34  SCV  
  95  8:38  SCV, Refinery  
  95  8:39  Marine x2, Refinery  
  95  8:40  Missile Turret x2  
  97  8:45  Factory x2  
  86  8:54  Marauder  
  86  9:06  Factory  
  86  9:07  Marine x2, Medivac  
  88  9:11  Factory Tech Lab  
  84  9:22  Marauder  
  76  9:26  Marine x2  
  76  9:30  Factory Tech Lab x2  
  76  9:31  Factory  
  76  9:36  Missile Turret  
  76  9:38  Thor  
  74  9:39  Medivac  
  74  9:43  SCV x3  
  85  9:47  Missile Turret  
  85  9:55  SCV x2  
  85  9:56  SCV  
  85  9:57  Marine  
  85  9:58  Marauder, Hellbat  
  85  9:59  Thor, Hellbat  
  101  10:05  Marine  
  102  10:07  SCV  
  102  10:11  SCV, Missile Turret  
  102  10:13  Missile Turret  
  104  10:14  Missile Turret  
  104  10:18  Missile Turret  
  104  10:19  Marine  
  104  10:20  Marauder  
  104  10:21  Thor, Hellbat x2, Factory Tech Lab  
  111  10:23  SCV  
  117  10:37  Marine x2  
  117  10:38  Thor  
  117  10:40  SCV x2  
  117  10:41  SCV, Terran Infantry Weapons Level 2  
  127  10:44  Marauder, Hellbat x2  
  133  10:54  Thor  
  133  10:56  SCV  
  140  11:00  Planetary Fortress  
  140  11:04  Supply Depot  
  140  11:05  Supply Depot  
  140  11:06  Supply Depot x2  
  140  11:09  Refinery  
  140  11:11  Refinery  
  140  11:12  Missile Turret  
  140  11:26  Marine x2, SCV x2, Thor, Hellbat x2  
  140  11:27  Marauder  
  140  11:29  Thor  
  140  11:30  Supply Depot  
  140  11:32  Supply Depot, SCV  
  163  11:38  SCV x2  
  165  11:43  Missile Turret  
  165  11:44  SCV  
  165  11:46  Marine x2  
  168  11:50  SCV  
  168  11:52  Thor  
  168  11:53  Supply Depot  
  175  11:54  Supply Depot x2  
  175  11:57  Supply Depot  
  175  11:59  SCV x3  
  178  12:04  Marauder  
  180  12:12  SCV  
  180  12:13  SCV  
  182  12:29  Marine x2  
  184  12:30  Marauder, Thor  
  184  12:33  Thor  
  198  12:49  Marine x2  
Tags
 
Composition
MMM Bio
Matchup
TvZ
Spawn Locations
Cross Positions
Add a new tag
Caveats
  • Supply blocks, unpowered buildings, or Contaminate may cause inaccurate times.
  • Supply counts are checked every 10 seconds.